Map: World of Sleepers LE

Players

Neeblet (Neeb)

  • Race: Protoss Protoss
  • League: Master
  • Spawn Location: 1:00

BlyOnFire (Bly) - Winner!

  • Race: Zerg Zerg
  • League: Grandmaster
  • Spawn Location: 7:00

Event: NationWars 2019

VOD

Have the link to the VOD?

Description

Time

  • Played on: Nov. 12, 2019, 12:45 p.m.
  • Length: 9:20

All games in this series

Show
View Real Time Build Order
Export as new Build Order

Neeblet Protoss 

Build Orders: 1 Gate Expand 

Get SALT Encoding   

  12  0:00  Probe  
  13  0:12  Probe  
  14  0:17  Pylon  
  14  0:24  Probe (Chrono Boost)  
  15  0:36  Probe (Chrono Boost)  
  16  0:42  Gateway  
  16  0:45  Probe (Chrono Boost)  
  16  0:47  Assimilator  
  17  0:51  Probe  
  18  1:03  Probe  
  19  1:15  Probe  
  20  1:25  Nexus  
  20  1:33  Cybernetics Core  
  20  1:38  Zealot  
  22  1:46  Pylon  
  22  1:48  Probe  
  23  1:55  Assimilator  
  23  2:06  Adept (Chrono Boost)  
  23  2:12  Gateway  
  25  2:16  Shield Battery  
  25  2:24  Shield Battery  
  27  2:33  Robotics Facility  
  25  2:39  Probe  
  25  2:40  Stalker (Chrono Boost)  
  27  2:51  Probe  
  27  2:52  Probe  
  28  3:07  Stalker (Chrono Boost)  
  29  3:19  Immortal (Chrono Boost)  
  33  3:30  Stalker  
  35  3:38  Probe  
  36  3:50  Immortal (Chrono Boost)  
  38  3:59  Shield Battery  
  38  4:02  Sentry  
  40  4:08  Shield Battery  
  40  4:22  Warp Prism (Chrono Boost)  
  42  4:43  Stalker  
  44  4:50  Shield Battery  
  44  4:51  Shield Battery  
  44  5:10  Pylon  
  44  5:23  Pylon  
  44  5:24  Sentry  
  50  5:36  Immortal (Chrono Boost)  
  50  5:38  Gateway  
  48  5:52  Pylon  
  48  5:56  Pylon  
  50  6:08  Gateway  
  50  6:09  Gateway  
  50  6:19  Sentry (Chrono Boost)  
  48  6:38  Pylon  
  48  6:59  Stalker  
  52  7:09  Shield Battery  
  52  7:10  Stalker  
  52  7:11  Stalker  
  52  7:12  Shield Battery  
  56  7:15  Shield Battery  
  56  7:20  Shield Battery  
  56  7:22  Shield Battery  
  54  7:32  Pylon  
  54  7:33  Zealot  
  56  7:39  Cybernetics Core  
  56  7:40  Zealot  
  56  7:44  Probe x2  
  54  7:58  Probe, Zealot (Chrono Boost)  
  52  7:59  Probe  
  54  8:16  Sentry x2 (Chrono Boost), Shield Battery  
  54  8:17  Shield Battery  
  58  8:22  Sentry (Chrono Boost)  
  54  8:34  Zealot (Chrono Boost)  
  42  8:39  Stalker (Chrono Boost)  
  46  8:48  Stalker (Chrono Boost)  
  46  8:55  Pylon  
Show
View Real Time Build Order
Export as new Build Order

BlyOnFire Zerg - Winner!

Build Orders: Pool First 

Get SALT Encoding   

  12  0:02  Drone  
  13  0:12  Overlord  
  13  0:17  Drone  
  14  0:31  Drone x2  
  16  0:43  Spawning Pool  
  16  0:45  Drone  
  16  0:49  Drone  
  17  0:55  Extractor  
  16  1:13  Hatchery  
  16  1:16  Drone  
  16  1:30  Zergling x6  
  19  1:42  Queen  
  21  1:49  Overlord  
  21  2:00  Drone  
  22  2:02  Metabolic Boost  
  22  2:16  Drone  
  22  2:19  Roach Warren  
  22  2:26  Queen  
  24  2:36  Drone  
  24  2:37  Drone  
  25  2:51  Overlord  
  25  2:58  Roach x3  
  29  3:08  Zergling x6  
  32  3:14  Roach  
  34  3:21  Roach  
  34  3:22  Zergling x2  
  34  3:24  Ravager  
  34  3:25  Zergling x2  
  39  3:29  Zergling x2  
  39  3:31  Zergling x2  
  41  3:39  Zergling x2  
  42  3:43  Overlord  
  42  3:46  Zergling x2  
  42  3:52  Ravager  
  43  4:03  Zergling x6  
  43  4:05  Zergling x4  
  48  4:15  Zergling x4  
  50  4:22  Ravager  
  51  4:35  Zergling x2  
  51  4:36  Zergling x4  
  50  4:43  Zergling x6  
  51  4:50  Overlord  
  48  5:06  Zergling x10  
  49  5:09  Queen  
  49  5:10  Ravager x2  
  53  5:20  Zergling x10  
  56  5:28  Zergling x4  
  58  5:38  Zergling x2  
  59  5:49  Zergling x12  
  59  6:03  Overlord x2  
  59  6:13  Overlord  
  51  6:26  Roach  
  51  6:27  Roach x3  
  57  6:36  Roach  
  59  6:43  Overlord  
  59  6:46  Roach  
  61  6:48  Zergling x2  
  61  6:49  Zergling x2  
  62  7:02  Zergling x8  
  62  7:08  Ravager x2  
  67  7:11  Zergling x2  
  68  7:20  Zergling x2  
  68  7:21  Zergling x4  
  69  7:27  Zergling x2  
  69  7:28  Zergling x4  
  71  7:32  Ravager  
  71  7:35  Zergling x2  
  73  7:44  Zergling x6  
  64  8:01  Zergling x10  
  64  8:03  Ravager  
  70  8:10  Zergling x2  
  66  8:27  Zergling x10  
  66  8:32  Zergling x2  
  64  8:47  Zergling x10  
  68  8:53  Zergling x2  
  68  8:56  Ravager  
  68  8:57  Roach  
Tags
 
Add a new tag
Caveats
  • Supply blocks, unpowered buildings, or Contaminate may cause inaccurate times.
  • Supply counts are checked every 10 seconds.